 Dungeon Crawl Stone Soup version 0.26.1-11-gd32895ea62 (webtiles) character file.

Game seed: 4219397998935198469

81 H0rd4k the Insei (level 4, 0/28 HPs)
             Began as an Octopode Transmuter on June 15, 2021.
             Slain by an adder (1 damage)
             ... in a sewer.
             The game lasted 00:01:56 (2330 turns).

H0rd4k the Insei (Octopode Transmuter)              Turns: 2330, Time: 00:01:56

Health: 0/28       AC:  1    Str:  9    XL:     4   Next: 40%
Magic:  7/7        EV: 13    Int: 16    God:
Gold:   40         SH:  0    Dex: 12    Spells: 3/7 levels left

rFire    . . .     SeeInvis .     - Unarmed
rCold    . . .     Faith    .   (no shield)
rNeg     . . .     Spirit   .   (helmet restricted)
rPois    .         Reflect  .   (no amulet)
rElec    .         Harm     .   (no ring)
rCorr    .         Rampage  .   (no ring)
Will     .....                  (no ring)
Stlth    +++.......             (no ring)
HPRegen  0.09/turn              (no ring)
MPRegen  0.10/turn              (no ring)
                                (no ring)
                                (no ring)

@: mighty, brilliant, lethally poisoned (0 -> -8)
A: almost no armour, stealthy swim, amphibious, 8 rings, constrict 8, camouflage
1, gelatinous body 1
a: no special abilities


You were in a sewer.
You visited 1 branch of the dungeon, and saw 4 of its levels.
You also visited: Sewer.

You collected 40 gold pieces.

Inventory:

Jewellery
 d - an uncursed ring of poison resistance {unknown}
Scrolls
 a - 5 scrolls of identify {unknown}
 b - a scroll of remove curse {unknown}
 c - a scroll of magic mapping {unknown}
 e - a scroll of teleportation {unknown}


   Skills:
 + Level 1.1 Fighting
 + Level 2.2 Dodging
 - Level 0.8 Stealth
 + Level 3.9 Unarmed Combat
 * Level 2.4 Spellcasting
 * Level 2.4 Transmutations
 * Level 1.2 Poison Magic


You had 3 spell levels left.
You knew the following spells:

 Your Spells              Type           Power        Failure   Level
a - Beastly Appendage     Tmut           28%          7%          1
b - Spider Form           Tmut/Pois      6%           26%         3

Your spell library contained the following spells:

 Spells                   Type           Power        Failure   Level
 Wereblood                Tmut           14%          11%         2
 Ice Form                 Ice/Tmut       8%           75%         4
 Blade Hands              Tmut           7%           89%         5


Dungeon Overview and Level Annotations

Branches:
Dungeon (4/15)              Sewer (1/1)
 Temple: D:4-7

Altars:
Xom


Innate Abilities, Weirdness & Mutations

You cannot wear most types of armour.
You are very stealthy in the water. (Stealth+)
You are amphibious.
You can wear up to eight rings at the same time.
You can use your tentacles to constrict eight enemies at once.
Your skin changes colour to match your surroundings (Stealth+).
Your rubbery body absorbs attacks. (AC +1, EV +1)


Message History

You constrict the adder. The adder bites you.
* * * LOW HITPOINT WARNING * * *
You are more poisoned.
The adder poisons you!
You tentacle-slap the adder but do no damage.
The adder is moderately wounded.
You constrict the adder.
* * * LOW HITPOINT WARNING * * *
You feel sick. The adder barely misses you.
It was a potion of brilliance.
You feel clever all of a sudden.
You constrict the adder.
* * * LOW HITPOINT WARNING * * *
You feel sick. The adder misses you.
It was a potion of might.
You feel very mighty all of a sudden.
You constrict the adder.
* * * LOW HITPOINT WARNING * * *
You feel sick. The adder bites you.
You die...

#≈# #≈# ##≈## ##≈##
##≈≈.## ##≈≈.##
####.!.≈.#####≈≈...##
≈≈≈≈..≈≈≈≈≈≈≈≈≈K∩..≈K≈≈
###≈....#####.....####
##≈..## ##..K## ##≈##
##≈## #@# #≈# #S# ≈#
#≈# ≈# ≈≈≈ ... ....≈
..... ##...##


You could see an adder.

Vanquished Creatures
  4 adders (Sewer)
  2 dart slugs (D:1)
  2 leopard geckos (D:3)
  An orc (D:3)
  5 giant cockroaches
  5 goblins
  3 hobgoblins
  4 kobolds
  4 bats (D:1)
  7 frilled lizards
  2 rats (D:1)
39 creatures vanquished.

Notes
Turn   | Place    | Note
-------+----------+-------------------------------------------
     0 | D:1      | H0rd4k the Octopode Transmuter began the quest for the Orb.
     0 | D:1      | Reached XP level 1. HP: 13/13 MP: 3/3
   249 | D:1      | Reached XP level 2. HP: 8/18 MP: 5/5
  1296 | D:1      | Found a shimmering altar of Xom.
  1298 | D:1      | Found an iron altar of Okawaru.
  1298 | D:1      | Found a sparkling altar of Nemelex Xobeh.
  1300 | D:1      | Found an opulent altar of Gozag.
  1300 | D:1      | Found a shimmering altar of Xom.
  1300 | D:1      | Found a burning altar of Makhleb.
  1306 | D:1      | Reached XP level 3. HP: 19/23 MP: 6/6
  1310 | D:1      | Learned a level 3 spell: Spider Form
  1725 | D:2      | You fall into a shaft and drop 2 floors!
  1829 | D:3      | Found a glowing drain.
  1855 | Sewer    | Entered a sewer
  2196 | Sewer    | Reached skill level 1 in Poison Magic
  2196 | Sewer    | Reached XP level 4. HP: 9/28 MP: 7/7
  2330 | Sewer    | HP: 1/28 [poisoned by an adder]
  2330 | Sewer    | Slain by an adder

Illustrated notes

Levels and vault maps discovered:
D:1:      scummos_arrival_simple_fountains, layout_basic, minmay_misc_feat_x,
          kennysheep_pointless_box, doesnt_xom_only_xom
D:2:      layout_rooms, minmay_shallow_snake_nest, uniq_terence
D:3:      layout_loops_cross, overflow_temple_1_default, portal_sewer_entry_f,
          chequers_serial_rivers_small_b, minmay_misc_feat_tower, minivault_26
D:4:      layout_rooms, temple_green, kennysheep_diamond, uniq_ijyb,
          uniq_sigmund, uniq_crazy_yiuf_cottage
Sewer:    sewer_co_15_rooms

Skill      XL: |  1  2  3 |
---------------+----------+-----
Poison Magic   | 1 |  1.2
Fighting       | |  1.1
Dodging        | |  2.2
Stealth        | |  0.8
Unarmed Combat | |  3.9
Spellcasting   | |  2.4
Transmutations | |  2.4

Action                   |  1- 3 |  4- 6 || total
-------------------------+-------+-------++-------
Melee: Unarmed           |    75 |    13 ||    88
       Tentacles         |    11 |     2 ||    13
       Constrict         |    24 |     2 ||    26
  Use: Potion            |       |     2 ||     2
 Stab: Sleeping          |     6 |       ||     6
Armor: Skin              |     4 |       ||     4
Dodge: Dodged            |    39 |    10 ||    49
